 Dungeon Crawl Stone Soup version 0.30-a0-1114-gd936c97349 (webtiles) character file.

Game seed: 1537054968800810736

13180 Conn the Thaumaturge (level 12, -2/71 HPs)
             Began as an Octopode Fire Elementalist on Apr 21, 2023.
             Was a High Priest of Sif Muna.
             Slain by a harpy simulacrum (11 damage)
             ... in an ice cave.
             The game lasted 00:50:11 (11797 turns).

Conn the Thaumaturge (Octopode Fire Elementalist)  Turns: 11797, Time: 00:50:12

Health: -2/71      AC:  1    Str:  8    XL:     12   Next: 3%
Magic:  22/26      EV: 13    Int: 22    God:    Sif Muna [*****.]
Gold:   983        SH:  0    Dex: 12    Spells: 11/31 levels left

rFire   . . .      SeeInvis .    u - +3 dagger (protect)
rCold   . . .      Faith    .    B - orb {*channel}
rNeg    . . .      Spirit   .    (helmet restricted)
rPois   .          Reflect  .    (no amulet)
rElec   .          Rampage  .    (no ring)
rCorr   .                        (no ring)
Will    .....                    (no ring)
Stlth   ++++                     (no ring)
HPRegen 1.11/turn                (no ring)
MPRegen 0.20/turn                (no ring)
                                 (no ring)
                                 (no ring)

@: no status effects
A: almost no armour, amphibious, 8 rings, camouflage 1, gelatinous body 1,
(nimble swimmer 1), tentacles, regeneration 1, MP-powered wands
a: Renounce Religion, Channel Magic, Forget Spell, Divine Exegesis


You were in an ice cave.
You worshipped Sif Muna.
Sif Muna was extremely pleased with you.
You visited 2 branches of the dungeon, and saw 12 of its levels.
You also visited: Bailey and Ice Cave.

You collected 983 gold pieces.

Inventory:

Hand Weapons
 e - a +0 short sword of freezing
 t - a +0 dagger of flaming
 u - a +3 dagger of protection (weapon)
 D - the +6 dagger of Yfughiqe {speed, rPois rC- Int+3}
   (You found it on level 6 of the Dungeon)

   Int:       It affects your intelligence (+3).
   rC:        It makes you vulnerable to cold.
   rPois:     It protects you from poison.
Missiles
 w - 7 throwing nets
Armour
 B - an orb of energy (worn)
Jewellery
 c - a ring of fire
Wands
 b - a wand of iceblast (5)
 d - a wand of flame (13)
 j - a wand of polymorph (6)
 A - a wand of paralysis (9)
Scrolls
 f - 2 scrolls of amnesia
 h - 2 scrolls of noise
 m - 3 scrolls of brand weapon
 o - 2 scrolls of poison
 q - a scroll of silence
 s - 2 scrolls of magic mapping
 v - 4 scrolls of teleportation
 y - a scroll of summoning
 z - 2 scrolls of fear
 C - a scroll of blinking
 H - a scroll of fog
Potions
 g - a potion of mutation
 i - 5 potions of attraction
 k - a potion of berserk rage
 l - 5 potions of heal wounds
 n - 2 potions of ambrosia
 r - 4 potions of flight
 x - a potion of invisibility
 E - 2 potions of curing
 F - a potion of might


   Skills:
 + Level 2.3 Fighting
 + Level 2.7 Short Blades
 + Level 3.3 Dodging
 + Level 6.6 Stealth
 * Level 10.4 Spellcasting
 * Level 7.3 Conjurations
 + Level 1.7 Hexes
 * Level 4.8 Translocations
 + Level 8.7 Fire Magic
 + Level 2.7 Ice Magic
 + Level 4.0 Air Magic
 * Level 4.7 Invocations
 * Level 1.3 Evocations


You had 11 spell levels left.
You knew the following spells:

 Your Spells              Type           Power      Damage    Failure   Level
a - Foxfire               Conj/Fire      100%       2x1d9     2%          1
b - Scorch                Fire           100%       2d9       2%          2
c - Inner Flame           Hex/Fire       34%        N/A       8%          3
d - Flame Wave            Conj/Fire      46%        2d12      8%          4
e - Blink                 Tloc           64%        N/A       6%          2
f - Freezing Cloud        Conj/Ice/Air   16%        6-21      45%         5
g - Swiftness             Air            29%        N/A       11%         3

Your spell library contained the following spells:

 Spells                   Type           Power      Damage    Failure   Level
 Shock                    Conj/Air       100%       1d9       3%          1
 Momentum Strike          Conj/Tloc      76%        3d10      4%          2
 Volatile Blastmotes      Fire/Tloc      82%        2d16      5%          3
 Lesser Beckoning         Tloc           64%        N/A       6%          2
 Ensorcelled Hibernation  Hex/Ice        42%        N/A       12%         2
 Poisonous Vapours        Pois/Air       40%        N/A       12%         2
 Cigotuvi's Dreadful Rot  Necr/Pois/Air  34%        N/A       14%         2
 Portal Projectile        Hex/Tloc       50%        N/A       14%         3
 Ignite Poison            Fire/Tmut/Pois 24%        N/A       16%         3
 Beastly Appendage        Tmut           22%        N/A       17%         1
 Sting                    Tmut/Pois      44%        1d5       17%         1
 Passwall                 Tmut/Erth      9%         N/A       22%         2
 Sublimation of Blood     Necr           11%        N/A       22%         2
 Wereblood                Tmut           11%        N/A       22%         2
 Tukima's Dance           Hex            19%        N/A       22%         3
 Airstrike                Air            14%        2d(3-19)  26%         4
 Spider Form              Tmut/Pois      11%        N/A       36%         3
 Leda's Liquefaction      Hex/Erth       7%         N/A       58%         4
 Olgreb's Toxic Radiance  Pois           11%        N/A       71%         4
 Blade Hands              Tmut           5%         N/A       95%         5
 Lee's Rapid Deconstruct  Erth           5%         3d6*      95%         5
 Statue Form              Tmut/Erth      7%         N/A       100%        6
 Summon Hydra             Summ           5%         N/A       100%        7


Dungeon Overview and Level Annotations

Branches:
Dungeon (11/15)            Temple (1/1) D:4          Bailey (visited)
  IceCv (1/1)
   Lair: D:8-11         Orc: D:9-12

Altars:
Ashenzari
Cheibriados
Dithmenos
Elyvilon
Fedhas
Gozag
Hepliaklqana
Makhleb
Nemelex Xobeh
Okawaru
Qazlal
Ru
Sif Muna
Trog
Uskayaw
Vehumet
Wu Jian
Xom
Yredelemnul
Zin
The Shining One

Shops:
D:2 *   D:5 (   D:9 :


Innate Abilities, Weirdness & Mutations

You cannot wear most types of armour.
You are amphibious.
You can wear up to eight rings at the same time.
Your skin changes colour to match your surroundings (Stealth+).
Your rubbery body absorbs attacks. (AC +1, EV +1)
((You are camouflaged when in or above water. (Stealth+)))
You have tentacles for arms and can constrict up to eight enemies at once.
Your natural rate of healing is unusually fast.
You expend magic power (3 MP) to strengthen your wands.


Message History

Confirm with . or Enter, or press ? or * to list all spells.
Flames lash the naga simulacrum.
The naga simulacrum melts!
The naga simulacrum vaporises!
Sif Muna accepts your kill.
Unknown command.
Casting: Scorch (safe; 2% risk of failure)
Confirm with . or Enter, or press ? or * to list all spells.
Casting: Flame Wave (dangerous; 9% risk of failure)
Press: ? - help, Dir - look around, f - activate A wave of flame ripples out!
The flame wave engulfs the cane toad simulacrum!
The cane toad simulacrum melts!
The cane toad simulacrum vaporises!
Sif Muna accepts your kill.
You hear a sizzling sound! (Press . to intensify the flame waves.) Magical energy flows into your mind!
Unknown command.
A wave of flame ripples out!
A wave of flame ripples out!
You finish channelling waves of flame.
There is an ice choked empty arch of ancient stone here.
You start resting.
Magic restored.
A harpy simulacrum and a three-headed hydra simulacrum come into view.
The harpy simulacrum claws you. The harpy simulacrum freezes you!
The harpy simulacrum claws you! The harpy simulacrum freezes you!
Casting: Flame Wave (dangerous; 8% risk of failure)
Confirm with . or Enter, or press ? or * to list all spells.
Casting: Flame Wave (dangerous; 8% risk of failure)
Press: ? - help, Dir - look around, f - activate A wave of flame ripples out!
The flame wave engulfs the harpy simulacrum!
The harpy simulacrum melts!
The harpy simulacrum is heavily damaged. (Press . to intensify the flame waves.)
You hear a horrible gurgling sound!
The harpy simulacrum claws you! The harpy simulacrum freezes you!
* * * LOW HITPOINT WARNING * * *
The harpy simulacrum claws you!
You die...

... #..#
#...# #...#
#.Z.## #...#
#Z.##
######@.#
##...###.##
##.....##..#
#...#...#..#
#..####....#
##..# ##...#
##..## ##.##
##...# ###
##....##


You could see a three-headed hydra simulacrum and a harpy simulacrum.

Vanquished Creatures
  A two-headed ogre (D:11)
  Pikel (D:4)
  2 orc knights (Bailey)
  2 ugly things (D:9)
  Joseph (D:7)
  A kobold demonologist (D:9)
  2 trolls (D:10)
  A hornet (D:9)
  Grinder (D:6)
  2 wyverns (D:9)
  A wraith (D:5)
  14 yaks (D:10)
  Grum (D:6)
  A steam dragon (D:10)
  2 death yak simulacra (IceCv)
  Menkaure (D:7)
  An acid dragon (D:9)
  3 water moccasins
  4 ice beasts
  6 ogres
  8 orc warriors
  A black bear (D:5)
  2 sky beasts (D:6)
  4 centaurs
  4 phantoms
  2 kobold brigands
  3 bullfrogs
  3 gnoll sergeants
  3 scorpions
  3 cane toad simulacra (IceCv)
  5 wights (D:9)
  An elephant simulacrum (IceCv)
  3 killer bees (D:10)
  3 howler monkeys (D:9)
  An electric eel (D:11)
  12 hounds
  3 gnoll boudas
  5 orc priests
  2 jellies
  An iguana (D:4)
  Natasha (thrice) (D:2)
  9 orc wizards
  2 sleepcaps
  A polar bear simulacrum (IceCv)
  2 wolf simulacra (IceCv)
  18 gnolls
  2 naga simulacra (IceCv)
  8 adders
  15 white imps
  3 ufetubi (IceCv)
  2 worms
  A dart slug (D:1)
  26 orcs
  8 ball pythons
  6 endoplasms
  11 giant cockroaches
  23 goblins
  7 hobgoblins
  4 jackals
  7 quokkas
  8 bats
  10 frilled lizards
  A hobgoblin zombie (D:5)
  27 kobolds
  2 kobold zombies (D:5)
  4 orc skeletons (D:5)
  2 orc zombies (D:5)
  6 rats
335 creatures vanquished.

Vanquished Creatures (collateral kills)
  2 foxfires (D:1)
2 creatures vanquished.

Vanquished Creatures (others)
  656 foxfires
  A fungus (D:11)
  4 plants
661 creatures vanquished.

Grand Total: 998 creatures vanquished

Notes
Turn   | Place    | Note
-------+----------+-------------------------------------------
     0 | D:1      | Conn the Octopode Fire Elementalist began the quest for the
                  | Orb.
     0 | D:1      | Reached XP level 1. HP: 11/11 MP: 3/3
   100 | D:1      | Reached XP level 2. HP: 17/17 MP: 0/5
   578 | D:1      | Reached XP level 3. HP: 19/21 MP: 2/6
   910 | D:2      | Found Jotegeb's Assorted Antiques.
  1094 | D:2      | Noticed Natasha
  1099 | D:2      | Killed Natasha
  1100 | D:2      | Reached skill level 1 in Short Blades
  1100 | D:2      | Reached XP level 4. HP: 27/27 MP: 3/7
  1170 | D:2      | Noticed Natasha
  1185 | D:2      | Killed Natasha
  1208 | D:2      | Reached XP level 5. HP: 20/31 MP: 9/9
  1274 | D:2      | Noticed Natasha
  1291 | D:2      | Killed Natasha
  1299 | D:2      | Learned a level 2 spell: Scorch
  1303 | D:2      | Learned a level 3 spell: Inner Flame
  2249 | D:3      | Noticed an ogre
  2489 | D:3      | Killed an ogre
  2490 | D:3      | Reached skill level 3 in Spellcasting
  2490 | D:3      | Reached XP level 6. HP: 32/37 MP: 1/10
  2946 | D:4      | Noticed Pikel
  2958 | D:4      | Killed Pikel
  2959 | D:4      | Reached skill level 1 in Fighting
  2959 | D:4      | Reached skill level 4 in Spellcasting
  2959 | D:4      | Reached skill level 1 in Hexes
  2959 | D:4      | Reached skill level 5 in Fire Magic
  2959 | D:4      | Reached XP level 7. HP: 43/43 MP: 0/13
  2959 | D:4      | Reached XP level 8. HP: 48/48 MP: 0/14
  3098 | D:4      | Found a staircase to the Ecumenical Temple.
  3114 | Temple   | Entered the Ecumenical Temple
  3151 | Temple   | Became a worshipper of Sif Muna the Loreminder
  3450 | D:4      | Reached skill level 5 in Stealth
  3597 | D:4      | Found a hazy altar of Hepliaklqana.
  3618 | D:5      | Entered Level 5 of the Dungeon
  3676 | D:5      | Found a glowing golden altar of the Shining One.
  3890 | D:5      | Reached skill level 5 in Spellcasting
  3931 | D:5      | Reached * piety under Sif Muna
  3972 | D:5      | Learned a level 4 spell: Flame Wave
  3975 | D:5      | Learned a level 2 spell: Blink
  3981 | D:5      | Learned a level 5 spell: Freezing Cloud
  4378 | D:5      | Found Reenuxigg's Weapon Boutique.
  4758 | D:5      | Identified the +1 chain mail of the Dull God {rElec Will+
                  | Dex+3}
  4800 | D:5      | Noticed a wraith
  4825 | D:5      | Reached XP level 9. HP: 35/53 MP: 0/17
  5107 | D:5      | Reached skill level 1 in Ice Magic
  5113 | D:5      | Reached skill level 6 in Spellcasting
  5113 | D:5      | Reached skill level 1 in Translocations
  5113 | D:5      | Reached skill level 1 in Air Magic
  5495 | D:6      | Identified the +6 dagger of Yfughiqe {speed, rPois rC-
                  | Int+3}
  5525 | D:6      | Reached ** piety under Sif Muna
  5734 | D:5      | Reached skill level 1 in Invocations
  5878 | D:6      | Reached skill level 7 in Spellcasting
  5986 | D:6      | Gained mutation: Your natural rate of healing is unusually
                  | fast. [potion of mutation]
  5986 | D:6      | Gained mutation: You expend magic power (3 MP) to
                  | strengthen your wands. [potion of mutation]
  5997 | D:6      | Noticed Grinder
  6002 | D:6      | Killed Grinder
  6003 | D:6      | Reached skill level 5 in Conjurations
  6063 | D:6      | Reached XP level 10. HP: 54/60 MP: 3/20
  6304 | D:6      | Identified the +2 scale mail of Pessimism {rCorr Dex+3}
  6493 | D:6      | Noticed Grum
  6505 | D:6      | Killed Grum
  7058 | D:7      | Noticed Menkaure
  7063 | D:7      | Killed Menkaure
  7165 | D:7      | Reached *** piety under Sif Muna
  7567 | D:7      | Reached skill level 8 in Spellcasting
  7674 | D:7      | Noticed Joseph
  7680 | D:7      | Killed Joseph
  8739 | D:9      | Noticed a kobold demonologist
  8745 | D:9      | Killed a kobold demonologist
  8778 | D:9      | Reached skill level 9 in Spellcasting
  8778 | D:9      | Reached XP level 11. HP: 64/64 MP: 16/24
  8894 | D:9      | Reached **** piety under Sif Muna
  8897 | D:9      | Found a stormy altar of Qazlal.
  8939 | D:9      | Noticed a red ugly thing
  8939 | D:9      | Noticed a cyan ugly thing
  8952 | D:9      | Killed a red ugly thing
  8954 | D:9      | Killed a red ugly thing
  9318 | D:9      | Found Tiufau's Book Shop.
  9419 | D:9      | Reached skill level 1 in Evocations
  9797 | D:10     | Entered Level 10 of the Dungeon
  9876 | D:10     | Found a flagged portal.
  9885 | Bailey   | Entered a bailey
  9948 | Bailey   | Noticed an orc knight
  9950 | Bailey   | Noticed an orc knight
  9988 | Bailey   | Killed an orc knight
 10009 | Bailey   | Killed an orc knight
 10833 | D:10     | Reached skill level 10 in Spellcasting
 10844 | D:10     | Learned a level 3 spell: Swiftness
 11465 | D:11     | Found a frozen archway.
 11472 | D:11     | Reached ***** piety under Sif Muna
 11486 | D:11     | Noticed a two-headed ogre
 11487 | D:11     | Killed a two-headed ogre
 11499 | D:11     | Received a gift from Sif Muna
 11529 | IceCv    | Entered an ice cave
 11547 | IceCv    | Reached XP level 12. HP: 71/71 MP: 11/26
 11797 | IceCv    | Slain by a harpy simulacrum

Illustrated notes

Levels and vault maps discovered:
D:1:      denvon_arrival_waterhouse, layout_loops_ring, serial_park_tiny_2,
          serial_bayou_ford_a
D:2:      minmay_roachtagon, layout_basic, serial_shops,
          nicolae_shop_window_shopping, uniq_natasha
D:3:      layout_basic, st_stairs_4, minmay_ogre_servants
D:4:      layout_basic, worldfamousw_hep_ancestral_shrine,
          minmay_temple_entry_offerings, uniq_pikel
D:5:      minmay_clustersquares, layout_basic, nicolae_tso_besieged_by_evil,
          serial_shops, nicolae_shop_bloodbath_and_beyond,
          minmay_a_box_with_orc_wizards_in_it
D:6:      layout_cave_pools, serial_gnoll_camp, gnoll_camp_mini_hut,
          gnoll_camp_medium_02, gnoll_camp_mini_sergeant, grums_kennel,
          uniq_grinder
D:7:      layout_loops_ring, kennysheep_path_1, uniq_joseph, uniq_menkaure
D:8:      layout_layer_cave, lemuel_mausoleum_altar_kikubaaqudgha
D:9:      layout_layer_cave, lemuel_tele_altar, serial_shops,
          nicolae_shop_behind_doors, grunt_ministairs_11, minivault_20,
          hive_lemuel
D:10:     layout_basic, enter_bailey_3, minmay_strange_pillars
D:11:     layout_basic, david_lair_generic, portal_ice_cave_entry_imps
Temple:   nicolae_temple_two_arcs
IceCv:    ice_cave_small_necro

Skill      XL: |  1  2  3  4  5  6  7  8  9 10 11 |
---------------+----------------------------------+-----
Stealth        | 3 4 5 6 |  6.6
Short Blades   | 1 2 |  2.7
Conjurations   | 2 3 4 5 6 7 |  7.3
Fire Magic     | 4 5 6 7 8 |  8.7
Spellcasting   | 3 4 5 7 9 10 | 10.4
Fighting       | 1 2 |  2.3
Dodging        | 3 |  3.3
Hexes          | 1 |  1.7
Ice Magic      | 1 2 |  2.7
Translocations | 1 3 4 |  4.8
Air Magic      | 3 4 |  4.0
Invocations    | 1 2 4 |  4.7
Evocations     | 1 |  1.3

Action                     |  1- 3 |  4- 6 |  7- 9 | 10-12 || total
---------------------------+-------+-------+-------+-------++-------
  Melee: Unarmed           |     4 |     6 |       |       ||    10
         Constrict         |    13 |    17 |    10 |     8 ||    48
         Short sword       |    45 |    60 |       |       ||   105
         Tentacles         |     6 |    14 |    11 |    11 ||    42
         Punch             |     1 |     1 |       |       ||     2
         Dagger            |       |    12 |    46 |    35 ||    93
   Cast: Foxfire           |    31 |    64 |   110 |   179 ||   384
         Scorch            |       |    12 |    38 |   100 ||   150
         Inner Flame       |       |     5 |     6 |    14 ||    25
         Flame Wave        |       |       |     6 |    25 ||    31
         Blink             |       |       |     2 |    11 ||    13
  Evoke: Wand              |       |       |     3 |     8 ||    11
    Use: Potion            |       |     1 |     4 |     5 ||    10
         Scroll            |       |       |     9 |    10 ||    19
   Stab: Sleeping          |     3 |     3 |     5 |     8 ||    19
 Armour: Skin              |     7 |     7 |     5 |     9 ||    28
  Dodge: Dodged            |    34 |    46 |    70 |    81 ||   231

Table legend: (Time is in decaauts)
 A = Elapsed time spent in this place.
 B = Non-inter-level travel time spent in this place.
 C = Inter-level travel time spent in this place.
 D = Time resting spent in this place.
 E = Time spent auto-exploring this place.
 F = Levels seen in this place.
 G = Mean time per level.
                   A        B        C        D        E       F      G
               +--------+--------+--------+--------+--------+-----+--------+
         Total |  11750 |  11625 |    125 |    515 |   7426 |  14 |  839.3 |
       Dungeon |  10883 |  10758 |    125 |    390 |   7118 |  11 |  989.4 |
        Temple |    112 |    112 |      0 |      0 |      0 |   1 |  112.0 |
        Bailey |    486 |    486 |      0 |      0 |    266 |   1 |  486.0 |
      Ice Cave |    267 |    267 |      0 |    125 |     42 |   1 |  267.0 |
               +--------+--------+--------+--------+--------+-----+--------+

Top non-repeatable levels by time:
     D:5: 1943 daAuts
     D:9: 1757 daAuts
     D:6: 1214 daAuts
    D:10: 986 daAuts
     D:3: 920 daAuts
     D:4: 915 daAuts
     D:2: 896 daAuts
     D:7: 882 daAuts
     D:1: 860 daAuts
  Bailey: 486 daAuts
   IceCv: 267 daAuts
    D:11: 256 daAuts
     D:8: 249 daAuts
  Temple: 112 daAuts
